 Dungeon Crawl Stone Soup version 0.29-a0-323-g050149af67 (webtiles) character file.

Game seed: 1387731532148315392

3202 Jortsu the Cleaver (level 9, -3/69 HPs)
             Began as a Demonspawn Fighter on Apr 12, 2022.
             Was an Elder of Trog.
             Slain by a skeletal warrior
             ... wielding a +0 halberd
              (27 damage)
             ... on level 7 of the Dungeon.
             The game lasted 00:11:46 (5655 turns).

Jortsu the Cleaver (Demonspawn Fighter)             Turns: 5655, Time: 00:11:47

Health: -3/69      AC: 13    Str: 21    XL:     9   Next: 65%
Magic:  0/9        EV:  7    Int: 10    God:    Trog [****..]
Gold:   312        SH: 13    Dex: 12    Spells: 8/8 levels left

rFire   . . .      SeeInvis .   a - +0 war axe
rCold   . . .      Faith    .   u - +0 tower shield
rNeg    . . .      Spirit   +   b - +0 scale mail
rPois   +          Reflect  .   j - +2 hat
rElec   .          Harm     .   (no cloak)
rCorr   .          Rampage  .   z - +0 pair of gloves
Will    .....                   (no boots)
Stlth   ..........              h - amulet of guardian spirit
HPRegen 3.21/turn               p - ring of poison resistance
MPRegen 0.11/turn               (no ring)

@: on berserk cooldown, slowed, very slow
A: hooves 1, molten scales 2, ignite blood 1, powered by death 2
a: Renounce Religion, Berserk, Trog's Hand, Brothers in Arms


You were on level 7 of the Dungeon.
You worshipped Trog.
Trog was greatly pleased with you.
You visited 1 branch of the dungeon, and saw 7 of its levels.
You also visited: Sewer.

You collected 312 gold pieces.

Inventory:

Hand Weapons
 a - a +0 war axe (weapon)
Missiles
 m - 2 throwing nets
Armour
 b - a +0 scale mail (worn)
 j - a +2 hat (worn)
 u - a +0 tower shield (worn)
 z - a +0 pair of gloves (worn)
Jewellery
 h - an amulet of guardian spirit (around neck)
 l - an amulet of magic regeneration
 p - a ring of poison resistance (left hand)
Wands
 c - a wand of flame (4)
Scrolls
 s - 3 scrolls of fear
 t - 5 scrolls of teleportation
 y - a scroll of immolation
Potions
 d - 2 potions of might
 e - 2 potions of flight
 f - 5 potions of curing
 g - 4 potions of haste
 i - a potion of lignification
 k - 2 potions of brilliance {unknown}
 n - 4 potions of ambrosia
 o - 2 potions of degeneration {unknown}
 q - 4 potions of mutation {unknown}
 r - a potion of invisibility
 v - a potion of cancellation {unknown}
 w - a potion of magic {unknown}
 x - a potion of heal wounds


   Skills:
 + Level 5.8 Fighting
 + Level 8.5 Axes
 + Level 5.6 Armour
 + Level 2.8 Dodging
 + Level 1.7 Stealth
 + Level 5.9 Shields


You had 8 spell levels left.
You didn't know any spells.
Your spell library contained the following spells:

 Spells                   Type           Power      Damage    Failure   Level
 Sublimation of Blood     Necr           0%         N/A       100%        2
 Wereblood                Tmut           0%         N/A       100%        2
 Summon Hydra             Summ           0%         N/A       100%        7


Dungeon Overview and Level Annotations

Branches:
Dungeon (7/15)              Sewer (visited)
 Temple: D:4-7

Altars:
Makhleb
Trog

Shops:
D:3 (   D:4 ::

Annotations:
D:6 2 transporters, Jortsu's ghost, amateur SpBr


Innate Abilities, Weirdness & Mutations

You have large cloven feet.
You are mostly covered in molten scales. (AC +3)
Your demonic aura sometimes causes spilled blood to erupt in flames.
You regenerate health from kills.


Message History

You block the black bear's attack.
The black bear claws you but does no damage.
You block the black bear's attack.
You barely miss the skeletal warrior. Your kick misses the skeletal warrior.
The skeletal warrior is heavily damaged.
You hit the white imp but do no damage. You hit the black bear.
You block the skeletal warrior's attack.
The black bear closely misses you.
The black bear claws you but does no damage.
You block the black bear's attack. You block the white imp's attack.
You hit the skeletal warrior.
The skeletal warrior is heavily damaged.
You slash the black bear! You slash the white imp!
You kill the white imp!
Trog accepts your kill.
You are no longer berserk.
You are exhausted.
You feel yourself slow down.
An ice beast comes into view.
The skeletal warrior hits you with a +0 halberd.
The black bear closely misses you.
The black bear claws you but does no damage.
You block the black bear's attack.
You barely miss the skeletal warrior. Your kick misses the skeletal warrior.
The skeletal warrior is heavily damaged.
You barely miss the black bear. You barely miss the gargoyle.
The gargoyle hits you with a +0 dire flail.
The skeletal warrior hits you with a +0 halberd!
The black bear barely misses you. x2; You block the black bear's attack.
You block the gargoyle's attack.
The skeletal warrior hits you with a +0 halberd!!
* * * LOW HITPOINT WARNING * * *
The black bear bites you but does no damage.
The black bear barely misses you. The black bear completely misses you.
The black bear attacks as you move away!
You block the black bear's attack. x2
The black bear claws you but does no damage.
The gargoyle is engulfed in blazing flames.
The skeletal warrior hits you from afar with a +0 halberd!!
You die...

##.#####.........
#.# ##........
#.######....####
#†##.....#### #♣
#.##.##### #.♣
#....# ♣.♣ #.####
.#.♣♣♣z♣♣#.#
⌠'..Y.h9@.^#
.#.♣♣♣○♣♣#.# ♣.♣
#.# #.♣ #.# #♣
#.# #.# #.. ..


You could see a skeletal warrior, a black bear, a gargoyle and an ice beast.

Vanquished Creatures
  Grinder (Sewer)
  Sigmund (D:5)
  Menkaure (D:5)
  3 water moccasins (D:5)
  2 orc warriors
  A sky beast (D:7)
  2 black bears
  3 ogres
  2 kobold brigands
  A bullfrog (D:7)
  4 scorpions
  2 necrophages
  2 wights
  A howler monkey (D:7)
  A jelly (D:5)
  4 hounds
  5 orc priests
  2 gnoll shamans
  8 iguanas
  4 orc wizards
  12 gnolls
  2 river rats (D:5)
  5 adders
  4 shadow imps
  A white imp (D:7)
  An ufetubus (D:5)
  A worm (D:5)
  3 dart slugs
  16 orcs
  12 ball pythons
  A bat zombie (Sewer)
  5 endoplasms
  12 giant cockroaches
  6 goblins
  8 hobgoblins
  4 jackals (D:5)
  34 kobolds
  3 quokkas
  4 bats
  3 frilled lizards
  A giant cockroach zombie (Sewer)
  A kobold zombie (Sewer)
  7 rats
196 creatures vanquished.

Notes
Turn   | Place    | Note
-------+----------+-------------------------------------------
     0 | D:1      | Jortsu the Demonspawn Fighter began the quest for the Orb.
     0 | D:1      | Reached XP level 1. HP: 18/18 MP: 1/1
   233 | D:1      | Gained mutation: You are partially covered in molten
                  | scales. (AC +2) [demonic ancestry]
   233 | D:1      | Reached XP level 2. HP: 23/24 MP: 2/2
   510 | D:1      | Reached skill level 2 in Axes
   655 | D:1      | Gained mutation: You regenerate a little health from kills.
                  | [demonic ancestry]
   655 | D:1      | Reached XP level 3. HP: 29/29 MP: 3/3
   808 | D:2      | Found a faded altar of an unknown god.
   830 | D:2      | Prayed at the altar of an unknown god.
   830 | D:2      | Became a worshipper of Trog the Wrathful
   830 | D:2      | Reached * piety under Trog
  1727 | D:3      | Gained mutation: Your demonic aura sometimes causes spilled
                  | blood to erupt in flames. [demonic ancestry]
  1727 | D:3      | Reached XP level 4. HP: 35/35 MP: 2/4
  1834 | D:3      | Reached skill level 3 in Axes
  1953 | D:3      | Found Zutoip's Antique Weapon Shop.
  2095 | D:3      | Gained mutation: You are mostly covered in molten scales.
                  | (AC +3) [demonic ancestry]
  2095 | D:3      | Reached XP level 5. HP: 39/41 MP: 5/5
  2102 | D:3      | Reached ** piety under Trog
  2661 | D:4      | Found Bucaipre's Book Shoppe.
  2685 | D:4      | Reached skill level 4 in Axes
  2768 | D:4      | Noticed an ogre
  2778 | D:4      | Killed an ogre
  2779 | D:4      | Gained mutation: You have large cloven feet. [demonic
                  | ancestry]
  2779 | D:4      | Reached XP level 6. HP: 40/48 MP: 2/6
  2972 | D:4      | Found Jetust's Book Boutique.
  3074 | D:4      | Reached skill level 1 in Dodging
  3165 | D:4      | Reached skill level 5 in Axes
  3257 | D:4      | Gained mutation: You regenerate health from kills. [demonic
                  | ancestry]
  3257 | D:4      | Reached XP level 7. HP: 53/54 MP: 7/7
  3632 | D:5      | Entered Level 5 of the Dungeon
  3638 | D:5      | Found a burning altar of Makhleb.
  3762 | D:5      | Found a glowing drain.
  3802 | Sewer    | Entered a sewer
  3838 | Sewer    | Reached *** piety under Trog
  3924 | Sewer    | Reached skill level 6 in Axes
  3933 | Sewer    | Found an ancient bone altar of Kikubaaqudgha.
  3982 | Sewer    | Reached XP level 8. HP: 61/61 MP: 8/8
  4014 | Sewer    | Noticed Grinder
  4023 | Sewer    | Killed Grinder
  4226 | D:5      | Noticed Sigmund
  4241 | D:5      | Killed Sigmund
  4242 | D:5      | Reached skill level 5 in Fighting
  4247 | D:5      | Reached skill level 7 in Axes
  4520 | D:5      | Reached skill level 5 in Armour
  4541 | D:5      | Reached **** piety under Trog
  4594 | D:5      | Noticed Menkaure
  4600 | D:5      | Killed Menkaure
  4601 | D:5      | Reached skill level 5 in Shields
  4601 | D:5      | Reached XP level 9. HP: 65/68 MP: 7/9
  4910 | D:6      | Found a transporter.
  4910 | D:6      | Noticed Jortsu's ghost (amateur SpBr)
  5166 | D:6      | Reached skill level 1 in Stealth
  5247 | D:6      | Found a transporter.
  5280 | D:6      | Reached skill level 8 in Axes
  5637 | D:7      | Noticed a skeletal warrior
  5649 | D:7      | Noticed a gargoyle
  5655 | D:7      | Slain by a skeletal warrior

Illustrated notes

Levels and vault maps discovered:
D:1:      scummos_arrival_simple_fountains, layout_basic
D:2:      layout_loops_ring, shapermc_ecumenical_altar_starsandcircs
D:3:      layout_basic, serial_shops, nicolae_shop_stone,
          kennysheep_generic_room_9
D:4:      layout_basic, serial_shops, shop, nicolae_stop_n_shop_1
D:5:      layout_cave_pools, bloody_makhleb, portal_sewer_entry_c,
          uniq_menkaure, uniq_sigmund
D:6:      layout_rooms, gammafunk_ghost_stat_death
D:7:      nzn_winding_woodlands_three_and_one
          [nzn_winding_woodlands_5x15_split_checker,
          nzn_winding_woodlands_5x15_cabin, nzn_winding_woodlands_5x15_crooked,
          nzn_winding_woodlands_center_pierced_h], layout_rooms,
          minmay_temple_entry_poolview, uniq_maggie

Skill      XL: |  1  2  3  4  5  6  7  8  9 |
---------------+----------------------------+-----
Armour         | 3 4 5 |  5.6
Axes           | 2 3 4 5 6 7 8 |  8.5
Shields        | 3 5 |  5.9
Dodging        | 1 2 |  2.8
Fighting       | 4 5 |  5.8
Stealth        | 1 |  1.7

Action                   |  1- 3 |  4- 6 |  7- 9 || total
-------------------------+-------+-------+-------++-------
Melee: War axe           |    99 |   135 |   273 ||   507
       Kick              |       |     8 |    69 ||    77
Invok: Berserk           |       |     2 |     5 ||     7
  Use: Scroll            |     7 |     4 |     5 ||    16
Armor: Scale mail        |    65 |    73 |   159 ||   297
Dodge: Dodged            |    53 |    77 |    79 ||   209
Block: Buckler           |    33 |    20 |     9 ||    62
       Tower shield      |       |       |   218 ||   218

Table legend: (Time is in decaauts)
 A = Elapsed time spent in this place.
 B = Non-inter-level travel time spent in this place.
 C = Inter-level travel time spent in this place.
 D = Time resting spent in this place.
 E = Time spent auto-exploring this place.
 F = Levels seen in this place.
 G = Mean time per level.
                   A        B        C        D        E       F      G
               +--------+--------+--------+--------+--------+-----+--------+
         Total |   5937 |   5785 |    152 |    796 |   3362 |   8 |  742.1 |
       Dungeon |   5524 |   5372 |    152 |    771 |   3228 |   7 |  789.1 |
         Sewer |    413 |    413 |      0 |     25 |    134 |   1 |  413.0 |
               +--------+--------+--------+--------+--------+-----+--------+

Top non-repeatable levels by time:
     D:3: 1277 daAuts
     D:4: 1013 daAuts
     D:5: 959 daAuts
     D:1: 771 daAuts
     D:6: 727 daAuts
     D:2: 685 daAuts
   Sewer: 413 daAuts
     D:7: 90 daAuts
